Map: 썬더버드 - 래더

Players

Ragnarok (SHIN)

  • Race: Zerg Zerg
  • Spawn Location: 11:00

llllllllllll (Oliveira) - Winner!

  • Race: Terran Terran
  • League: Master
  • Spawn Location: 5:00

Event: 2019 Assembly Summer

VOD

Have the link to the VOD?

Description

Time

  • Played on: Aug. 2, 2019, 6:58 a.m.
  • Length: 14:24

All games in this series

Show
View Real Time Build Order
Export as new Build Order

Ragnarok Zerg 

Build Orders: Hatch First 

Get SALT Encoding   

  12  0:01  Drone  
  13  0:13  Overlord  
  13  0:17  Drone  
  14  0:31  Drone x2  
  16  0:51  Hatchery, Drone  
  16  0:55  Drone  
  17  0:58  Drone  
  18  1:09  Extractor  
  17  1:14  Spawning Pool  
  17  1:16  Drone  
  17  1:19  Drone  
  18  1:28  Drone  
  19  1:41  Drone  
  20  2:02  Queen x2, Zergling x4  
  20  2:03  Drone  
  27  2:13  Drone  
  28  2:15  Overlord  
  28  2:24  Hatchery  
  28  2:27  Metabolic Boost  
  27  2:34  Drone x2  
  30  2:37  Drone  
  30  2:40  Drone  
  31  2:45  Drone x2  
  33  2:53  Queen  
  33  2:57  Overlord  
  35  3:00  Drone  
  36  3:05  Pneumatized Carapace  
  36  3:16  Drone  
  36  3:17  Drone x4  
  41  3:20  Overlord  
  41  3:21  Drone  
  42  3:30  Queen  
  42  3:33  Overlord  
  44  3:37  Queen  
  44  3:38  Drone  
  47  3:42  Drone  
  47  3:46  Zergling x8  
  52  3:48  Drone  
  52  3:55  Drone x2  
  55  3:58  Overlord  
  55  4:00  Drone  
  56  4:04  Drone x2  
  56  4:05  Drone  
  56  4:07  Overlord  
  56  4:08  Overlord  
  59  4:12  Baneling Nest  
  59  4:16  Overlord  
  58  4:17  Drone  
  58  4:19  Drone  
  58  4:21  Drone x2  
  58  4:22  Drone x2  
  64  4:26  Queen  
  64  4:31  Queen  
  68  4:34  Drone  
  68  4:35  Drone x2  
  71  4:41  Evolution Chamber x2  
  71  4:42  Extractor  
  71  4:43  Drone x3  
  71  4:45  Drone, Extractor  
  71  4:53  Lair  
  71  4:54  Zergling x8  
  71  4:58  Zergling x6  
  78  5:10  Zerg Ground Armor Level 1  
  78  5:11  Drone, Overlord  
  78  5:12  Drone x6  
  85  5:16  Overlord, Extractor  
  84  5:24  Zergling x4  
  84  5:25  Zerg Melee Weapons Level 1  
  86  5:29  Drone x4  
  86  5:33  Baneling x3  
  90  5:39  Drone x4  
  90  5:41  Drone  
  90  5:42  Hatchery, Extractor  
  94  5:44  Baneling x3  
  94  5:45  Baneling  
  94  5:48  Spore Crawler  
  94  5:49  Zergling x8  
  96  5:54  Zergling x6  
  99  6:00  Drone  
  99  6:02  Hydralisk Den  
  99  6:06  Baneling x3  
  99  6:07  Baneling, Zergling x2  
  99  6:08  Zergling x10  
  105  6:12  Overlord  
  105  6:15  Centrifical Hooks  
  105  6:17  Overlord  
  105  6:22  Baneling x3  
  105  6:23  Drone  
  106  6:26  Overlord  
  106  6:27  Overlord  
  106  6:32  Muscular Augments, Zergling x4  
  108  6:33  Hydralisk, Zergling x4  
  108  6:34  Zergling x4  
  108  6:36  Hydralisk  
  108  6:37  Zergling x2  
  115  6:41  Hydralisk  
  115  6:42  Zergling x6  
  115  6:46  Drone x3  
  123  6:53  Hydralisk  
  120  6:54  Zergling x4  
  120  6:57  Hydralisk  
  120  6:58  Zergling x4  
  128  7:02  Hydralisk, Zergling x2  
  128  7:03  Zergling x2  
  128  7:08  Overlord  
  132  7:09  Zergling x6  
  133  7:20  Hydralisk  
  133  7:21  Zergling x6  
  126  7:25  Zerg Melee Weapons Level 2, Zerg Ground Armor Level 2  
  126  7:26  Drone  
  127  7:31  Drone x6  
  127  7:32  Drone x5  
  127  7:33  Drone  
  127  7:36  Zergling x6  
  142  7:41  Drone  
  142  7:42  Drone x2  
  142  7:43  Grooved Spines  
  142  7:44  Overlord  
  145  7:50  Overlord  
  145  7:53  Overlord x3  
  145  8:00  Baneling x16  
  145  8:04  Hydralisk  
  145  8:05  Zergling x14  
  150  8:09  Extractor  
  150  8:10  Zergling x14  
  156  8:14  Zergling x2  
  156  8:15  Baneling x6  
  156  8:19  Drone  
  158  8:24  Zergling x6  
  158  8:25  Infestation Pit  
  159  8:28  Hatchery, Zergling x6  
  159  8:31  Zergling x4  
  159  8:32  Zergling x10  
  168  8:35  Zergling x6  
  168  8:40  Baneling x10  
  171  8:42  Zergling x8  
  171  8:45  Zergling x2  
  176  8:49  Hydralisk  
  176  8:50  Zergling x2  
  176  8:54  Hydralisk, Zergling x2  
  179  8:59  Hydralisk, Extractor  
  179  9:00  Zergling x6  
  183  9:03  Overlord  
  183  9:04  Hive  
  183  9:06  Overlord x2  
  183  9:09  Overlord  
  180  9:11  Zergling x2  
  180  9:16  Baneling x10  
  181  9:17  Zergling x2  
  180  9:25  Hydralisk, Zergling x2  
  180  9:26  Zergling x8  
  180  9:30  Zergling x22  
  197  9:36  Zergling x4  
  198  9:42  Zergling x6  
  199  9:47  Drone  
  198  9:57  Zergling x20  
  198  9:58  Zergling x2  
  183  10:03  Hydralisk, Zergling x2  
  183  10:04  Zergling x12  
  147  10:09  Hydralisk x2  
  147  10:10  Zergling x4  
  147  10:14  Hydralisk  
  140  10:19  Hydralisk x2  
  140  10:21  Hydralisk x2  
  136  10:24  Adrenal Glands  
  136  10:25  Ultralisk Cavern  
  136  10:26  Zerg Melee Weapons Level 3, Zerg Ground Armor Level 3  
  136  10:28  Drone x5  
  141  10:29  Zergling x4  
  141  10:30  Zergling x2  
  141  10:33  Hydralisk x2  
  141  10:34  Zergling x2  
  149  10:41  Viper  
  152  10:43  Zergling x10  
  152  10:46  Extractor  
  152  10:49  Spore Crawler, Hydralisk  
  155  10:50  Zergling x4  
  155  10:52  Baneling x6  
  155  10:53  Zergling x10  
  155  10:55  Zergling x2  
  155  10:56  Zergling x4  
  167  10:57  Zergling x2  
  167  10:58  Zergling x2  
  167  11:04  Drone  
  170  11:06  Drone x2  
  172  11:12  Hydralisk  
  172  11:13  Zergling x16  
  172  11:17  Extractor  
  172  11:18  Chitinous Plating  
  180  11:20  Hydralisk  
  180  11:21  Ultralisk  
  188  11:31  Baneling  
  188  11:32  Baneling x14  
  185  11:34  Baneling  
  185  11:35  Baneling  
  185  11:38  Zergling x2  
  185  11:39  Zergling x20  
  188  11:41  Baneling x5  
  188  11:42  Baneling  
  188  11:45  Hydralisk, Zergling x2  
  191  11:49  Zergling x8  
  181  12:04  Hatchery  
  181  12:08  Ultralisk, Zergling x10  
  189  12:22  Viper x2  
  189  12:27  Hatchery  
  185  12:30  Ultralisk, Zergling x4  
  185  12:36  Hydralisk  
  187  12:37  Zergling x10  
  194  12:44  Hydralisk, Zergling x2  
  194  12:45  Zergling x6  
  194  12:47  Baneling x6  
  198  12:54  Anabolic Synthesis  
  196  13:01  Zergling x2  
  196  13:02  Zergling x4  
  187  13:09  Ultralisk x2, Zergling x4  
  181  13:15  Baneling x9  
  179  13:21  Zergling x2  
  179  13:22  Zergling x10  
  179  13:23  Zergling x2  
  179  13:24  Zergling x2  
  179  13:25  Zergling x2  
  161  13:27  Zergling x4  
  161  13:30  Zergling x6  
  161  13:31  Zergling x2  
  161  13:33  Zergling x4  
  158  13:37  Zergling x4  
  158  13:38  Zergling x4  
  158  13:40  Zergling x4  
  158  13:41  Zergling x2  
  140  13:44  Baneling x5  
  140  13:45  Zergling x2  
  140  13:47  Zergling x4  
  140  13:48  Zergling x2  
  140  13:50  Zergling x4  
  140  13:52  Zergling x2  
  140  13:54  Zergling x4  
  145  13:56  Zergling x2  
  143  14:07  Zergling x2  
Show
View Real Time Build Order
Export as new Build Order

llllllllllll Terran - Winner!

Build Orders: Reaper Expand 

Get SALT Encoding   

  12  0:00  SCV  
  13  0:12  SCV  
  14  0:16  Supply Depot  
  14  0:25  SCV  
  15  0:38  SCV  
  15  0:40  Barracks  
  16  0:44  Refinery  
  16  0:50  SCV  
  17  1:02  SCV  
  18  1:14  SCV  
  19  1:27  Reaper, Orbital Command  
  20  1:39  Command Center  
  20  1:48  Supply Depot  
  20  1:53  SCV  
  21  1:59  Marine  
  22  2:05  SCV  
  22  2:07  Factory  
  23  2:17  SCV  
  23  2:21  Barracks Reactor  
  25  2:37  SCV  
  25  2:38  Command Center  
  25  2:49  SCV  
  26  2:53  Orbital Command  
  26  2:58  Marine x2  
  27  2:59  Starport  
  27  3:04  SCV  
  29  3:06  Refinery  
  29  3:09  Factory Tech Lab  
  29  3:16  Marine x2  
  29  3:17  SCV  
  29  3:18  SCV  
  33  3:29  SCV  
  33  3:32  SCV  
  33  3:33  Marine  
  33  3:34  Marine  
  37  3:35  Viking  
  40  3:41  SCV  
  40  3:44  SCV  
  41  3:50  Orbital Command  
  41  3:51  Marine x2  
  43  3:57  Siege Tank, SCV x2  
  48  4:09  SCV x2  
  50  4:17  Orbital Command  
  50  4:20  Starport Reactor  
  50  4:21  Barracks, SCV x2  
  50  4:22  Barracks  
  52  4:24  Barracks Tech Lab  
  52  4:33  Supply Depot, SCV x2  
  52  4:38  Engineering Bay  
  57  4:39  Engineering Bay  
  57  4:40  Refinery  
  57  4:42  Marine  
  57  4:43  Stimpack, SCV  
  57  4:44  Refinery  
  56  4:45  SCV x2  
  58  4:53  Siege Tank  
  58  4:55  SCV  
  58  4:57  SCV  
  58  4:58  Supply Depot, SCV  
  64  5:06  Starport Reactor, Marine  
  63  5:07  SCV  
  63  5:10  Supply Depot  
  63  5:11  SCV  
  65  5:14  Marine x2, Terran Infantry Weapons Level 1  
  65  5:16  SCV  
  65  5:20  SCV  
  69  5:24  SCV  
  69  5:26  Terran Infantry Armor Level 1  
  69  5:27  Marine  
  72  5:28  SCV  
  72  5:29  Marine x2  
  72  5:31  Barracks x2  
  72  5:32  SCV  
  75  5:36  Marine, SCV  
  75  5:40  SCV  
  82  5:44  SCV  
  82  5:46  Supply Depot  
  82  5:47  Supply Depot  
  82  5:49  Medivac, SCV  
  85  5:55  Medivac  
  85  5:56  Marine  
  85  6:01  Supply Depot  
  85  6:07  Marine x2  
  85  6:08  Siege Tank, SCV x3  
  85  6:09  Marine x2  
  95  6:14  Marine, Command Center  
  95  6:15  Supply Depot  
  95  6:16  Supply Depot  
  96  6:19  Armory, Barracks Reactor  
  96  6:20  SCV  
  96  6:21  Barracks Reactor  
  96  6:23  SCV x2  
  96  6:25  Marine  
  99  6:28  Marine  
  99  6:31  Marine  
  99  6:32  SCV  
  103  6:35  Marine, SCV  
  103  6:37  SCV  
  103  6:38  Refinery  
  106  6:40  Siege Tank  
  106  6:41  Marine, Refinery  
  106  6:44  SCV  
  111  6:49  Marine  
  106  6:54  Marine  
  106  6:56  Medivac x2  
  111  7:01  Marine x2  
  111  7:02  Marine x4  
  111  7:03  SCV  
  111  7:05  SCV  
  111  7:06  Missile Turret, SCV  
  111  7:07  Supply Depot  
  111  7:08  Supply Depot  
  120  7:09  Marine  
  120  7:12  Marine  
  120  7:15  SCV  
  124  7:19  Marine  
  124  7:20  Marine x2, Siege Tank  
  124  7:22  SCV x2  
  114  7:23  Combat Shield  
  114  7:25  Terran Infantry Weapons Level 2  
  114  7:27  SCV  
  113  7:30  Terran Infantry Armor Level 2  
  113  7:33  Marine  
  113  7:34  Marine x5  
  113  7:35  SCV  
  120  7:40  SCV  
  120  7:41  SCV  
  120  7:42  Marine  
  123  7:45  Terran Vehicle Weapons Level 1, Marine  
  123  7:48  Factory, Marine  
  123  7:49  SCV  
  126  7:51  Marine x2  
  126  7:52  SCV  
  126  7:53  Marine  
  126  7:57  Siege Tank  
  133  7:59  Planetary Fortress  
  128  8:05  Marine  
  128  8:06  Marine  
  128  8:08  Medivac  
  132  8:13  Marine  
  132  8:14  Marine  
  132  8:15  SCV x2  
  132  8:18  Marine  
  137  8:20  Supply Depot x2  
  137  8:21  Sensor Tower  
  137  8:24  Marine  
  136  8:27  Medivac  
  136  8:29  Marine x2  
  136  8:30  SCV x2  
  136  8:31  SCV  
  136  8:32  Marine x3  
  136  8:34  Factory Tech Lab  
  146  8:35  Marine  
  146  8:37  SCV  
  146  8:38  Marine  
  146  8:40  Siege Tank, Medivac  
  154  8:41  Marine  
  154  8:42  SCV  
  154  8:43  Marine, SCV x2  
  159  8:52  Marine x2  
  159  8:53  Siege Tank  
  159  8:54  Liberator, Marine x2  
  159  8:55  SCV x2  
  168  8:58  Marine  
  168  8:59  Liberator  
  168  9:00  Supply Depot, Barracks x3  
  166  9:10  Marine x3  
  175  9:17  Marine x2  
  175  9:18  Command Center, Siege Tank  
  175  9:21  Marine x2  
  182  9:32  Marine x2, Siege Tank  
  182  9:37  Marine x2  
  188  9:44  Marine  
  188  9:47  Barracks Tech Lab  
  188  9:48  Barracks Tech Lab  
  188  9:51  Marine, Command Center x2  
  188  9:52  Marine  
  188  9:56  Marine x2  
  188  9:59  Siege Tank  
  183  10:04  Marine x2, Siege Tank  
  183  10:05  Marauder  
  151  10:10  Marine x4, Marauder x2  
  151  10:13  Marine  
  147  10:15  Marine  
  133  10:21  Barracks Tech Lab  
  133  10:22  Terran Infantry Weapons Level 3, Marine, Terran Infantry Armor Level 3  
  133  10:23  Marine  
  133  10:26  Refinery, Marauder  
  133  10:27  Marine, Refinery  
  133  10:28  Marine x2  
  136  10:29  Concussive Shells  
  136  10:31  Siege Tank  
  136  10:32  Marauder x2  
  136  10:35  Marine x2  
  144  10:39  Marine, Siege Tank  
  144  10:40  Marine, Marauder  
  153  10:46  Marine, Terran Vehicle Weapons Level 2  
  153  10:47  Marine x3  
  153  10:48  Marauder  
  159  10:53  Liberator, Marine x2, Marauder  
  159  10:54  Marine  
  162  10:57  Marine  
  162  10:58  Planetary Fortress, Marine  
  162  11:00  Liberator  
  162  11:01  Marine  
  162  11:03  Orbital Command  
  162  11:04  Marine x3, Orbital Command  
  165  11:05  Marine  
  165  11:08  Siege Tank  
  165  11:09  Marine  
  165  11:10  Marine  
  165  11:11  Marine  
  177  11:12  Marine  
  177  11:15  Marine, Marauder  
  177  11:16  Marine  
  186  11:19  Marauder  
  186  11:20  Refinery  
  186  11:21  Refinery  
  186  11:22  Marine x2  
  188  11:38  Marine x2  
  188  11:39  Marauder  
  188  11:42  Starport  
  188  11:43  Starport, Fusion Core  
  187  11:53  Viking, Marine x2  
  187  11:54  Marine x2, Marauder x2  
  192  11:58  Marine x2  
  192  11:59  Marauder  
  192  12:00  Viking  
  188  12:06  Marine x2  
  188  12:07  Marauder  
  188  12:08  Siege Tank x2  
  188  12:10  Command Center  
  194  12:20  Liberator x2  
  194  12:24  Orbital Command  
  194  12:28  Marine x2, SCV  
  194  12:29  Marauder  
  184  12:37  Starport Reactor  
  184  12:38  Starport Tech Lab  
  184  12:39  Marine x2  
  184  12:40  Marauder  
  194  12:44  Liberator  
  194  12:46  SCV  
  194  12:50  SCV  
  194  12:52  Siege Tank  
  194  12:57  Marine x2, Marauder  
  193  13:02  Liberator  
  184  13:06  Liberator  
  184  13:12  Liberator x2  
  173  13:19  Marine x2  
  174  13:20  Marine x2, Siege Tank, Marauder x3  
  174  13:26  Marine  
  169  13:29  Marine  
  169  13:31  Marine  
  175  13:37  Marine x2  
  175  13:38  Marauder  
  159  13:44  Marine x2  
  159  13:45  Marauder  
  159  13:46  Marine  
  164  13:49  SCV  
  164  13:55  SCV  
  164  13:57  Marine x2, Marauder  
  164  13:59  Marine  
  164  14:00  Marine  
  164  14:01  Marauder  
  170  14:04  Marine  
  170  14:06  Marine x2  
  166  14:10  SCV  
Tags
 
Add a new tag
Caveats
  • Supply blocks, unpowered buildings, or Contaminate may cause inaccurate times.
  • Supply counts are checked every 10 seconds.